 Dungeon Crawl Stone Soup version 0.32-a0-128-g77eb882913 (webtiles) character file.

Game seed: 15211708197851556209

1 Esekla the Sneak (level 1, -2/16 HPs)
             Began as an Octopode Delver on Feb 8, 2024.
             Killed by nerve-wracking pain
             ... invoked by an orc priest
              (13 damage)
             ... on level 5 of the Dungeon.
             The game lasted 00:02:50 (289 turns).

Esekla the Sneak (Octopode Delver)                   Turns: 289, Time: 00:02:50

Health: -2/16      AC:  1    Str: 11    XL:     1   Next: 20%
Magic:  1/1        EV: 13    Int: 12    God:
Gold:   0          SH:  0    Dex: 13    Spells: 0/0 levels left

rFire   . . .        a - +0 falchion
rCold   . . .        (no shield)
rNeg    . . .        (helmet restricted)
rPois   .            (no amulet)
rElec   .            (no ring)
rCorr   .            (no ring)
SInv    .            (no ring)
Will    .....        (no ring)
Stlth   ++++         (no ring)
HPRegen 0.22/turn    (no ring)
MPRegen 0.07/turn    (no ring)
                     (no ring)

%: no passive effects
@: marked
A: almost no armour, amphibious, 8 rings, camouflage 1, gelatinous body 1,
(nimble swimmer 1), tentacles
a: no special abilities


You were on level 5 of the Dungeon.
You visited 1 branch of the dungeon, and saw 1 of its levels.

Inventory:

Hand Weapons
 a - a +0 falchion (weapon)
Wands
 f - a wand of digging (3)
Scrolls
 b - a scroll of fog
 c - a scroll of amnesia {unknown}
 g - a scroll of noise {unknown}
Potions
 e - a potion of haste


   Skills:
 * Level 3.0 Fighting
 + Level 2.0 Long Blades
 * Level 2.0 Dodging
 + Level 6.7 Stealth


You couldn't memorise any spells.
You didn't know any spells.
Your spell library was empty.

Dungeon Overview and Level Annotations

Branches:
Dungeon (5/15)             Temple (0/1) D:5

Altars:

Shops:
D:5 *?[[

Annotations:
D:5 Dowan, Duvessa


Innate Abilities, Weirdness & Mutations

You cannot wear most types of armour.
You are amphibious.
You can wear up to eight rings at the same time.
Your skin changes colour to match your surroundings (Stealth+).
Your rubbery body absorbs attacks. (AC +1, EV +1)
((You are camouflaged when in or above water. (Stealth+)))
You have tentacles for arms and can constrict up to eight enemies at once.


Message History

Done waiting.
Found a staircase to the Ecumenical Temple.
The iguana hisses angrily.
A quokka comes into view.
A white imp comes into view.
The white imp shouts!
The quokka barely misses you. The quokka bites you.
A hound comes into view.
Found Qaidex's General Store.
The hound barks!
A quokka comes into view.
The quokka attacks as it pursues you! The quokka closely misses you.
As you read the scroll of fear, it crumbles to dust.
You assume a fearsome visage.
The iguana looks frightened!
The quokka looks frightened!
The white imp looks frightened!
The hound looks frightened!
A malevolent force fills the Dungeon...
With a horrendous wail, an alarm goes off!
A sentinel's mark forms upon you.
You hear a bark!
You hear a shout! x7; You hear an angry hiss.
You hear a shout! x5; You hear a bark!
You hear a shout! x3
The quokka bites you.
You miss the quokka. Your grab misses the quokka.
Your squeeze misses the quokka. The quokka bites you.
The quokka barely misses you.
You barely miss the quokka. Your grab misses the quokka.
You tentacle-slap the quokka.
The quokka is severely wounded.
A hound comes into view.
The quokka completely misses you.
The hound moves out of view.
You closely miss the quokka. Your grab misses the quokka.
The quokka is severely wounded.
The quokka bites you. x2
You hit the quokka.
You kill the quokka!
An orc priest comes into view. It is wielding a +0 club. x2
The orc priest invokes the aid of Beogh against you.
Pain shoots through your body!
Ouch! That really hurt!
You die...

**,,,,,,,,,,#..*
#######.....#
**,,,,,,,,,#..#*
####....#####
*,,,,*****#...*
###..######## ****,,**
*#..## ##..#######..
**,,**###∩..## #.#* #..
**<,*#....h.####.# #..
**.##...........# #..
*hoo......##...########..
**##....@.####...........
#.................P..[
#......####......##.##
######## ##....P#...#
#.......>.. #....P#...#
#.....##.## #####..P.P*
##,,,**


You could see 2 hounds and 2 orc priests.

Vanquished Creatures
  A quokka (D:5)
1 creature vanquished.

Notes
Turn   | Place    | Note
-------+----------+-------------------------------------------
     0 | D:5      | Esekla the Octopode Delver began the quest for the Orb.
     0 | D:5      | Reached XP level 1. HP: 16/16 MP: 1/1
    11 | D:5      | Found Seaqagruude's Antique Armour Shoppe.
    12 | D:5      | Noticed an iguana
    15 | D:5      | Noticed a sleepcap
    18 | D:5      | Found Kegibb's Armour Shop.
   140 | D:5      | Noticed Duvessa
   149 | D:5      | Noticed Dowan
   267 | D:5      | Found a staircase to the Ecumenical Temple.
   279 | D:5      | Found Qaidex's General Store.
   279 | D:5      | Noticed a hound
   285 | D:5      | Noticed a hound
   288 | D:5      | Noticed an orc priest
   288 | D:5      | Noticed an orc priest
   289 | D:5      | Killed from afar by an orc priest

Illustrated notes

Levels and vault maps discovered:
D:5:      layout_rooms, kennysheep_little_box,
          minmay_temple_entry_gardened_gates, serial_shops,
          nicolae_shop_gibbet_a_chance, shop_scrolls, shop, shop,
          nicolae_lakefront_shop, uniq_duvessa, uniq_pikel

Action                     || total
---------------------------++-------
  Melee: Falchion          ||     4
         Punch             ||     1
    Use: Scroll            ||     2
 Armour: Skin              ||     5
  Dodge: Dodged            ||     4

Table legend: (Time is in decaauts)
 A = Elapsed time spent in this place.
 B = Non-inter-level travel time spent in this place.
 C = Inter-level travel time spent in this place.
 D = Time resting spent in this place.
 E = Time spent auto-exploring this place.
 F = Levels seen in this place.
 G = Mean time per level.
                   A        B        C        D        E       F      G
               +--------+--------+--------+--------+--------+-----+--------+
         Total |    289 |    289 |      0 |    204 |      0 |   1 |  289.0 |
       Dungeon |    289 |    289 |      0 |    204 |      0 |   1 |  289.0 |
               +--------+--------+--------+--------+--------+-----+--------+

Top non-repeatable levels by time:
     D:5: 289 daAuts
